AoeStats
← RDA Ronan

African Clearing

504371293Analyzed
4v4 RM · 28d ago on Sep 5, 2026· 43m 0s· 8 players
Game mode
Random Map
Map size
Large (8 player)
Population
200
Speed
Normal
Resources
Standard
Victory
Conquest
Starting age
Dark Age
Ending age
Imperial Age
RankedLock teamsTeams togetherTeam positionsShared explorationLock speedFull tech treeHidden civsTurbo modeCheats
Victory
Defeat
🇦🇷 Burgundians · Argentina
1417
+13
🇪🇨 Mongols · Ecuador
1417
+13
🇵🇪 Slavs · Peru
1391
+14
🇪🇨 Khmer · Ecuador
1312
+17
🇲🇽 Muisca · Mexico
1489
-19
🇦🇷 Burmese · Argentina
1329
-14
🇦🇷 Berbers · Argentina
1292
-12
🇦🇷 Magyars · Argentina
1291
-12
Yisaac
11:44 Feudal Age
14:03 Forging
15:19 Loom
19:00 Castle Age
17:44 Scale Barding Armor
19:09 Bloodlines
21:40 Town Watch
22:28 Chain Barding Armor
24:12 Wheelbarrow
29:02 Double-Bit Axe
30:29 Horse Collar
36:01 Imperial Age
34:23 Iron Casting
33:50 Husbandry
34:50 Gold Mining
34:50 Stone Mining
35:50 Detinets
37:01 Bow Saw
37:40 Plate Barding Armor
38:08 Blast Furnace
36:33 Light Cavalry
39:55 Elite Boyar
40:53 Heavy Plow
42:23 Hand Cart
42:01 Elite Boyar
JessePinkman
3:44 Loom
8:35 Double-Bit Axe
13:27 Feudal Age
17:23 Castle Age
16:41 Bow Saw
28:18 Horse Collar
29:40 Two-Man Saw
30:21 Town Watch
32:24 Wheelbarrow
33:10 Husbandry
32:31 Light Cavalry
33:19 Scale Barding Armor
35:01 Hand Cart
35:38 Forging
35:42 Heavy Plow
35:35 Gold Mining
40:19 Imperial Age
38:47 Cavalier
40:22 Paladin
41:23 Chain Barding Armor
41:39 Iron Casting
[ECU] PALADINFRANCO
4:45 Loom
11:21 Feudal Age
12:02 Double-Bit Axe
15:41 Scale Barding Armor
21:12 Castle Age
19:39 Bloodlines
20:43 Wheelbarrow
23:01 Chain Barding Armor
27:08 Husbandry
30:36 Town Watch
31:26 Forging
32:28 Horse Collar
33:06 Bow Saw
33:50 Iron Casting
34:47 Light Cavalry
43:08 Imperial Age
43:51 Hand Cart
[Legacy]Rian23
3:09 Loom
4:15 Loom
5:01 Loom
11:22 Feudal Age
12:02 Double-Bit Axe
12:18 Town Watch
16:33 Horse Collar
22:19 Castle Age
20:51 Stone Mining
21:26 Gold Mining
21:50 Bloodlines
23:52 Fletching
26:12 Wheelbarrow
28:59 Bodkin Arrow
30:53 Padded Archer Armor
32:03 Bow Saw
36:05 Imperial Age
34:38 Ballistics
34:38 Husbandry
36:35 Gold Shaft Mining
37:55 Chemistry
38:29 Bracer
40:34 Elite Mangudai
41:32 Leather Archer Armor
42:59 Light Cavalry
OPI Sonet
4:32 Loom
12:37 Feudal Age
12:58 Man-at-Arms
14:13 Arson
14:40 Scale Mail Armor
16:16 Forging
24:46 Castle Age
27:12 Fervor
27:38 Sanctity
28:06 Chain Mail Armor
30:40 Redemption
33:28 Sanctity
39:33 Wheelbarrow
Cheonma
10:08 Loom
12:35 Feudal Age
13:54 Double-Bit Axe
22:52 Castle Age
21:01 Scale Mail Armor
21:40 Horse Collar
24:03 Wheelbarrow
22:53 Pikeman
24:26 Town Watch
25:00 Bow Saw
24:59 Heavy Plow
28:04 Fletching
30:50 Bodkin Arrow
32:34 Scale Barding Armor
35:20 Corvinian Army
36:39 Ballistics
37:29 Masonry
39:22 Padded Archer Armor
[GDL] Zuko
10:32 Loom
12:45 Feudal Age
16:27 Castle Age
14:46 Double-Bit Axe
15:00 Horse Collar
15:09 Champi Runner
17:30 Wheelbarrow
19:22 Scale Mail Armor
19:24 Squires
19:53 Bow Saw
19:45 Town Watch
31:29 Fletching
31:39 Padded Archer Armor
33:40 Bodkin Arrow
35:16 Forging
35:23 Padded Archer Armor
36:33 Hand Cart
37:21 Heavy Plow
42:13 Imperial Age
RDA Ronan
9:39 Loom
12:33 Feudal Age
16:25 Castle Age
15:25 Double-Bit Axe
15:25 Horse Collar
19:16 Bow Saw
22:21 Fletching
26:40 Bodkin Arrow
31:24 Padded Archer Armor
32:17 Gold Mining
34:58 Padded Archer Armor
37:25 Wheelbarrow
37:27 Ballistics
38:17 Leather Archer Armor
40:19 Heavy Plow
43:57 Imperial Age
42:05 Hand Cart
41:35 Town Watch
42:28 Bloodlines
42:37 Husbandry
Connection lost

Rejoining the realm…

Still unreachable

The connection could not be restored.

Session expired

The server has moved on; the page needs a fresh start.